 Dungeon Crawl Stone Soup version 0.31-a0-331-geda263fcf1 (webtiles) character file.

Game seed: 1909555266198334548

461 Shard1697 the Ruffian (level 6, -2/72 HPs)
             Began as a Draconian Shapeshifter on July 20, 2023.
             Was a Believer of Cheibriados.
             Slain by a gnoll bouda
             ... wielding a +0 club
              (5 damage)
             ... on level 4 of the Dungeon.
             The game lasted 00:04:55 (2234 turns).

Shard1697 the Ruffian (Draconian Shapeshifter)      Turns: 2234, Time: 00:04:55

Health: -2/72      AC: 10    Str: 22    XL:     6   Next: 79%
Magic:  6/6        EV: 12    Int: 12    God:    Cheibriados [**....]
Gold:   173        SH:  0    Dex: 17    Spells: 5/5 levels left

rFire   . .          .
                       - Unarmed
rCold   + . .        (no shield)
rNeg    . . .        (body armour unavailable)
rPois   .            (helmet currently unavailable)
rElec   .            (cloak currently unavailable)
rCorr   .            (gloves currently unavailable)
SInv    .            (boots currently unavailable)
Will    .....        (no amulet) Stlth
                     f - +4 ring of protection
HPRegen 0.32/turn    h - ring of protection from cold
MPRegen 0.10/turn

%: no passive effects
@: berserking, beast-form, weakened, very slow
A: beast (slay +2), AC +6, unfitting armour, cold-blooded
a: Begin Untransformation, Renounce Religion, Bend Time


You were on level 4 of the Dungeon.
You worshipped Cheibriados.
Cheibriados was pleased with you.
You were a hulking beast.
You visited 1 branch of the dungeon, and saw 4 of its levels.

You collected 173 gold pieces.

Inventory:

Jewellery
 f - a +4 ring of protection (left hand)
 h - a ring of protection from cold (right hand)
Talismans
 b - a beast talisman
Wands
 l - a wand of paralysis (8)
Scrolls
 c - 3 scrolls of blinking {unknown}
 k - 2 scrolls of poison
Potions
 a - 3 potions of lignification
 d - a potion of might
 g - a potion of mutation
 i - 4 potions of heal wounds {unknown}


   Skills:
 - Level 2.1 Fighting
 - Level 1.7 Dodging
 + Level 7.4 Unarmed Combat
 - Level 3.0 Shapeshifting


You had 5 spell levels left.
You didn't know any spells.
Your spell library contained the following spells:

 Spells                   Type           Power      Damage    Failure   Level
 Shock                    Conj/Air       0%         1d3       32%         1
 Summon Small Mammal      Summ           0%         N/A       32%         1
 Sublimation of Blood     Necr           0%         N/A       45%         2
 Call Canine Familiar     Summ           0%         N/A       69%         3
 Summon Guardian Golem    Hex/Summ       0%         N/A       69%         3
 Swiftness                Air            0%         N/A       69%         3
 Airstrike                Air            0%         2d(0-16)  97%         4
 Petrify                  Tmut/Erth      0%         N/A       97%         4
 Irradiate                Conj/Tmut      0%         3d11      100%        5


Dungeon Overview and Level Annotations

Branches:
Dungeon (4/15)
 Temple: D:4-7

Altars:
Cheibriados


Innate Abilities, Weirdness & Mutations

You are a hulking beast.
Your limbs bulge with bestial killing power. (Slay +2)
Your plain brown scales are hard. (AC +6)
You cannot fit into any form of body armour.
You are cold-blooded and may be slowed by cold attacks.


Message History

The gnoll hits you from afar with a +2 spear of pain!
The gnoll bouda attacks as you move away!
The gnoll bouda hits you with a +0 club. x2
The gnoll hits you but does no damage.
The gnoll bouda attacks as you move away!
The gnoll bouda hits you but does no damage.
Your attacks no longer feel as feeble.
The gnoll hits you with a +0 flail. The gnoll barely misses you.
The gnoll attacks as you move away! The gnoll barely misses you.
The gnoll bouda attacks as you move away!
The gnoll bouda hits you but does no damage.
The gnoll hits you but does no damage.
The gnoll hits you from afar with a +0 spear.
* * * LOW HITPOINT WARNING * * *
The gnoll misses you. The gnoll closely misses you.
Okay, then.
A red film seems to cover your vision as you go berserk!
Cheibriados forces you to slow down.
You feel mighty!
The gnoll is no longer moving quickly.
The gnoll barely misses you. The gnoll closely misses you.
The gnoll completely misses you.
The gnoll hits you from afar with a +2 spear of pain.
* * * LOW HITPOINT WARNING * * *
You closely miss the gnoll bouda.
The gnoll bouda is moderately wounded.
The gnoll hits you but does no damage. The gnoll barely misses you.
The gnoll bouda gazes fiercely through you!
You feel your attacks grow feeble.
The gnoll bouda hits you with a +0 club!
* * * LOW HITPOINT WARNING * * *
The gnoll hits you with a +0 flail.
* * * LOW HITPOINT WARNING * * *
The gnoll closely misses you.
You punch the gnoll bouda!
The gnoll bouda is severely wounded.
The gnoll hits you from afar with a +0 spear.
* * * LOW HITPOINT WARNING * * *
The gnoll hits you but does no damage.
The gnoll bouda hits you with a +0 club.
You die...

##.# ##..# ##...#
###†..## #.†.#.#
#######.###.#
##........##.# #####
#.....g...##.#
.....###...g.h...##.#
#.#........g....##.#
#.###......gg...##.#
#..#.)..........##.#
#.#†..........(##.#
..#.†..........####.#
..?...............#
#.#
..................#
#.##
#..#####.........##
#..#


You could see a gnoll bouda and 4 gnolls.

Vanquished Creatures
  A black bear (D:4)
  A phantom (D:4)
  A scorpion (D:4)
  2 orc wizards (D:4)
  4 gnolls
  7 adders
  2 dart slugs
  6 orcs
  6 ball pythons
  5 bats
  8 endoplasms
  5 giant cockroaches
  6 goblins
  4 hobgoblins
  5 jackals
  5 kobolds
  2 quokkas
  2 frilled lizards
  4 rats (D:3)
76 creatures vanquished.

Notes
Turn   | Place    | Note
-------+----------+-------------------------------------------
     0 | D:1      | Shard1697 the Draconian Shapeshifter began the quest for
                  | the Orb.
     0 | D:1      | Reached XP level 1. HP: 17/17 MP: 1/1
   194 | D:1      | Reached XP level 2. HP: 21/24 MP: 2/2
   213 | D:1      | Reached skill level 3 in Unarmed Combat
   636 | D:1      | Reached XP level 3. HP: 29/29 MP: 3/3
   886 | D:3      | Reached skill level 4 in Unarmed Combat
   955 | D:3      | Reached XP level 4. HP: 36/36 MP: 4/4
  1175 | D:2      | Reached skill level 5 in Unarmed Combat
  1270 | D:2      | Found a faded altar of an unknown god.
  1298 | D:2      | Prayed at the altar of an unknown god.
  1298 | D:2      | Became a worshipper of Cheibriados the Contemplative
  1298 | D:2      | Reached * piety under Cheibriados
  1479 | D:3      | Reached XP level 5. HP: 41/41 MP: 5/5
  2068 | D:4      | Reached skill level 6 in Unarmed Combat
  2070 | D:4      | Reached ** piety under Cheibriados
  2137 | D:4      | Noticed a phantom
  2144 | D:4      | Killed a phantom
  2145 | D:4      | Reached XP level 6. HP: 46/48 MP: 6/6
  2181 | D:4      | Reached skill level 7 in Unarmed Combat
  2234 | D:4      | HP: 3/72 [gnoll/+0 spear[a gnoll bouda] (4)]
  2234 | D:4      | Slain by a gnoll bouda

Illustrated notes

Levels and vault maps discovered:
D:1:      mrwooster_arrival_statue_2, layout_basic, chequers_garden,
          minmay_misc_feat_room, bh_walls_and_bars
D:2:      layout_rooms, hellmonk_ecumenical_altar_pennies_from_heaven
D:3:      layout_loops_cross, st_stairs_8
D:4:      layout_rooms

Skill      XL: |  1  2  3  4  5  6 |
---------------+-------------------+-----
Unarmed Combat | 3 4 5 6 7 |  7.4
Fighting       | |  2.1
Dodging        | |  1.7
Shapeshifting  | |  3.0

Action                     |  1- 3 |  4- 6 || total
---------------------------+-------+-------++-------
  Melee: Unarmed           |    90 |   103 ||   193
         Tailslap          |    11 |    22 ||    33
         Punch             |     1 |     6 ||     7
    Use: Scroll            |       |     7 ||     7
         Potion            |       |     1 ||     1
   Stab: Sleeping          |     1 |     3 ||     4
 Armour: Skin              |    24 |    43 ||    67
  Dodge: Dodged            |    54 |    66 ||   120

Table legend: (Time is in decaauts)
 A = Elapsed time spent in this place.
 B = Non-inter-level travel time spent in this place.
 C = Inter-level travel time spent in this place.
 D = Time resting spent in this place.
 E = Time spent auto-exploring this place.
 F = Levels seen in this place.
 G = Mean time per level.
                   A        B        C        D        E       F      G
               +--------+--------+--------+--------+--------+-----+--------+
         Total |   2519 |   2414 |    105 |    115 |   1687 |   4 |  629.8 |
       Dungeon |   2519 |   2414 |    105 |    115 |   1687 |   4 |  629.8 |
               +--------+--------+--------+--------+--------+-----+--------+

Top non-repeatable levels by time:
     D:3: 918 daAuts
     D:1: 806 daAuts
     D:2: 564 daAuts
     D:4: 230 daAuts
